[Event "January 9 Late 2024"]
[Site "https://www.chess.com"]
[Date "2024.01.09"]
[Round "10"]
[White "Tristan, Leonardo"]
[Black "Sowa, Ryan"]
[Result "1-0"]
[Board "34"]
[TimeControl "180+1"]
[WhiteFideId "113816"]
[BlackFideId "30901693"]
[WhiteElo "2764"]
[BlackElo "2613"]
[WhiteTeam "ARG"]
[BlackTeam "USA"]
[WhiteClock "0:00:03"]
[BlackClock "0:00:51"]

1. d4 b6 2. e4 Bb7 3. Bd3 e6 4. Nf3 d5 5. exd5 Qxd5 6. O-O Qh5 7. Be2 Qd5 8. Nc3 Qd8 9. Ne5 Nf6 10. Bf3 c6 11. a4 Be7 12. a5 bxa5 13. Nc4 Nd5 14. Ne4 O-O 15. Nxa5 Bc8 16. c3 Bd7 17. Re1 Qc8 18. Nc5 Na6 19. Nd3 Rd8 20. Nc4 Nac7 21. Nce5 Be8 22. Be4 g6 23. Bh6 f6 24. Nc4 Bf7 25. Bf3 a5 26. Qe2 a4 27. h4 Qa6 28. Nc5 Bxc5 29. dxc5 e5 30. Nd6 Qxe2 31. Rxe2 Be6 32. Bd2 Ne8 33. c4 Ne7 34. Bb4 Ra6 35. Ba3 Nxd6 36. cxd6 Nf5 37. c5 Nd4 38. Rd2 Nb3 39. Rad1 Nxd2 40. Rxd2 Bd5 41. Rxd5 cxd5 42. Bxd5+ Kf8 43. c6 Ke8 44. c7 Rc8 45. Be6 Rxc7 46. dxc7 Rc6 47. c8=Q+ 1-0

[Event "January 9 Late 2024"]
[Site "https://www.chess.com"]
[Date "2024.01.09"]
[Round "10"]
[White "Yuan, Qingyu"]
[Black "Goltsev, Dmitry"]
[Result "1-0"]
[Board "35"]
[TimeControl "180+1"]
[WhiteFideId "8609772"]
[BlackFideId "24176710"]
[WhiteElo "2746"]
[BlackElo "2763"]
[WhiteTeam "CHN"]
[BlackTeam "RUS"]
[WhiteClock "0:00:15"]
[BlackClock "0:00:09"]

1. e4 e6 2. d4 d5 3. Nd2 c5 4. Ngf3 Nf6 5. exd5 exd5 6. Bb5+ Nc6 7. O-O Be7 8. dxc5 Bxc5 9. Nb3 Bb6 10. Nbd4 O-O 11. Bxc6 bxc6 12. Nxc6 Qd6 13. Ncd4 Bg4 14. c3 Ne4 15. Qd3 Rae8 16. Bd2 Qg6 17. Bf4 Qh5 18. Rae1 f5 19. Ne5 g5 20. Nxg4 Qxg4 21. Bc1 Qh5 22. f3 Nc5 23. Qb5 Qf7 24. Bxg5 f4 25. Bh6 Rxe1 26. Rxe1 Rd8 27. Qc6 Nd3 28. Re2 Bc7 29. h3 Ne5 30. Qb7 Re8 31. Kh1 Rb8 32. Qxa7 Ng6 33. a4 Re8 34. Qa6 Be5 35. Nc6 Bf6 36. a5 Bh4 37. Qd3 Bg3 38. Nd4 Re7 39. b4 Qe8 40. a6 Nh4 41. Bg5 Rxe2 42. Qxe2 Qf7 43. Qe6 Qxe6 44. Nxe6 Bf2 45. Bxh4 Bb6 46. a7 Kf7 47. Bg5 Kxe6 48. Bxf4 Bxa7 49. Bd2 Kf5 50. g4+ Ke6 51. Kg2 d4 52. c4 d3 53. f4 h5 54. Kf3 hxg4+ 55. hxg4 Bd4 56. Ke4 Bg7 57. Kxd3 Bf8 58. Ke4 Kd6 59. f5 Kd7 60. c5 Be7 61. g5 Kc6 62. f6 Bd8 63. Kf5 Kb7 64. g6 Kc8 65. g7 Bc7 66. g8=Q+ Kb7 67. f7 Kc6 68. f8=Q Kb7 69. Qe8 Ka7 70. b5 Kb7 71. Qa8# 1-0

[Event "January 9 Late 2024"]
[Site "https://www.chess.com"]
[Date "2024.01.10"]
[Round "10"]
[White "Otero Marino, Alain"]
[Black "Leitao, Rafael"]
[Result "1/2-1/2"]
[Board "36"]
[TimeControl "180+1"]
[WhiteFideId "3524876"]
[BlackFideId "2101246"]
[WhiteElo "2593"]
[BlackElo "2747"]
[WhiteTeam "CUB"]
[BlackTeam "BRA"]
[WhiteClock "0:00:21"]
[BlackClock "0:00:23"]

1. d4 Nf6 2. Nf3 g6 3. e3 Bg7 4. Be2 O-O 5. O-O d6 6. b4 e5 7. c4 exd4 8. exd4 d5 9. Nbd2 dxc4 10. Nxc4 Nd5 11. Bd2 Nc6 12. Be1 Nf4 13. Bc3 Bg4 14. Nce5 Nxe5 15. dxe5 Qc8 16. Re1 Qf5 17. Nd4 Nxe2+ 18. Qxe2 Qh5 19. f3 Bd7 20. f4 Qxe2 21. Rxe2 Rfe8 22. h3 Rad8 23. Rae1 Bc8 24. Kf2 h5 25. Rd2 f6 26. exf6 Bxf6 27. Rxe8+ Rxe8 28. Nb5 Bxc3 29. Nxc3 c6 30. Kf3 Bf5 31. g4 hxg4+ 32. hxg4 Be6 33. a3 Kf7 34. Rd4 Rh8 35. Kg3 Rh1 36. Ne4 Rg1+ 37. Kf2 Rxg4 38. Nd6+ Ke7 39. Nxb7 g5 40. Nc5 Bd5 41. Nd3 Rg2+ 42. Ke3 g4 43. f5 g3 44. Nf4 Rg1 45. Nxd5+ cxd5 46. Rxd5 Ra1 47. Kf3 Rxa3+ 48. Kg2 Kf6 49. Ra5 Rxa5 50. bxa5 Kxf5 51. Kxg3 Ke4 52. Kf2 Kd4 53. Ke2 Kc3 54. Kd1 Kb4 55. Kc2 Kxa5 56. Kb3 Kb5 57. Ka3 a5 58. Kb3 a4+ 59. Ka3 Ka5 60. Ka2 a3 61. Kxa3 1/2-1/2

[Event "January 9 Late 2024"]
[Site "https://www.chess.com"]
[Date "2024.01.09"]
[Round "10"]
[White "Martins, Vinicius Tine"]
[Black "Taboas Rodriguez, Daniel"]
[Result "1-0"]
[Board "37"]
[TimeControl "180+1"]
[WhiteFideId "2112884"]
[BlackFideId "2208466"]
[WhiteElo "2535"]
[BlackElo "2604"]
[WhiteTeam "BRA"]
[BlackTeam "ESP"]
[WhiteClock "0:00:13"]
[BlackClock "0:00:00"]

1. d4 Nf6 2. Nf3 g6 3. Bf4 Bg7 4. e3 O-O 5. Be2 c5 6. c3 b6 7. Nbd2 Bb7 8. a4 Nc6 9. h3 d5 10. O-O Nd7 11. Bh2 e5 12. dxe5 Ndxe5 13. Nxe5 Nxe5 14. a5 Qe7 15. axb6 axb6 16. Qb3 Qe6 17. Nf3 Nxf3+ 18. Bxf3 Rfc8 19. Rxa8 Bxa8 20. Ra1 h5 21. Ra7 h4 22. Ra6 Qf5 23. Rxb6 Qb1+ 24. Qd1 Qxd1+ 25. Bxd1 d4 26. c4 dxe3 27. fxe3 Be4 28. b3 Rd8 29. Rb8 Rxb8 30. Bxb8 Bf8 31. Be5 f5 32. Bf6 Bh6 33. Kf2 g5 34. Be7 g4 35. hxg4 fxg4 36. Bxg4 Bc2 37. Bxh4 Bxb3 38. Be6+ Kg7 39. Be7 Kg6 40. Bxc5 Kf6 41. Bd5 Ke5 42. Bd4+ Kd6 43. g4 Bg5 44. Kg3 Bd1 45. Bf3 Bb3 46. c5+ Ke6 47. c6 Bd8 48. Bc5 Bc7+ 49. Kh4 Bd8+ 50. g5 Kf5 51. Bg4+ Kg6 52. Bh5+ Kf5 53. Bg4+ Kg6 54. Kg3 Bxg5 55. c7 Be6 56. Bxe6 1-0

[Event "January 9 Late 2024"]
[Site "https://www.chess.com"]
[Date "2024.01.09"]
[Round "10"]
[White "Tan, Ralph"]
[Black "Smirnov, Anton"]
[Result "0-1"]
[Board "38"]
[TimeControl "180+1"]
[WhiteFideId "30966590"]
[BlackFideId "3208923"]
[WhiteElo "2558"]
[BlackElo "2913"]
[WhiteTeam "USA"]
[BlackTeam "AUS"]
[WhiteClock "0:00:00"]
[BlackClock "0:01:11"]

1. Nf3 d5 2. g3 g6 3. Bg2 Bg7 4. d4 Nf6 5. O-O c6 6. c4 dxc4 7. a4 Ne4 8. Na3 Nd6 9. Ne5 Be6 10. Qc2 Na6 11. Bd2 O-O 12. Rfd1 c5 13. Nexc4 cxd4 14. Nxd6 Qxd6 15. Bxb7 Rad8 16. Nb5 Qb6 17. Bxa6 Qxa6 18. Rac1 Rc8 19. Qe4 Qxa4 20. Nc7 Bb3 21. Re1 Qd7 22. Na6 Bd5 23. Qd3 Ba8 24. f3 h5 25. Nc5 Qd5 26. b4 h4 27. Kg2 a5 28. Na6 axb4 29. Nxb4 Qd7 30. Na6 h3+ 31. Kg1 Be5 32. Nc5 Qd6 33. Ne4 Bxe4 34. Qxe4 Bxg3 35. f4 Bxe1 36. Rxe1 Qd7 37. Kh1 Rc2 38. Qxc2 Qd5+ 39. e4 dxe3+ 0-1

[Event "January 9 Late 2024"]
[Site "https://www.chess.com"]
[Date "2024.01.09"]
[Round "10"]
[White "Hess, Robert"]
[Black "Sun, Rick"]
[Result "1-0"]
[Board "39"]
[TimeControl "180+1"]
[WhiteFideId "2022036"]
[BlackFideId "30909481"]
[WhiteElo "2898"]
[BlackElo "2650"]
[WhiteTeam "USA"]
[BlackTeam "USA"]
[WhiteClock "0:02:02"]
[BlackClock "0:00:04"]

1. b3 d6 2. Bb2 Nf6 3. d3 g6 4. Nd2 Bg7 5. e3 b6 6. Ne2 Bb7 7. a3 Nbd7 8. h3 e5 9. Rg1 O-O 10. g4 d5 11. Bg2 Re8 12. Ng3 Nc5 13. Qe2 a5 14. O-O-O Ba6 15. g5 e4 16. gxf6 exd3 17. Qf3 dxc2 18. Kxc2 Bd3+ 19. Kc1 Re6 20. Qxd5 Bxf6 21. Qxa8 Ne4 22. Qxd8+ Bxd8 23. Bxe4 1-0

[Event "January 9 Late 2024"]
[Site "https://www.chess.com"]
[Date "2024.01.09"]
[Round "10"]
[White "Garakov, Mikhael"]
[Black "Christiansen, Johan-Sebastian"]
[Result "0-1"]
[Board "40"]
[TimeControl "180+1"]
[WhiteFideId "4169034"]
[BlackFideId "1512668"]
[WhiteElo "2634"]
[BlackElo "2893"]
[WhiteTeam "RUS"]
[BlackTeam "NOR"]
[WhiteClock "0:00:00"]
[BlackClock "0:00:11"]

1. e4 e5 2. Nf3 Nc6 3. Bb5 f5 4. Nc3 fxe4 5. Nxe4 d5 6. Nxe5 dxe4 7. Nxc6 Qd5 8. c4 Qd6 9. Nxa7+ Bd7 10. Bxd7+ Qxd7 11. Nb5 Nf6 12. O-O c6 13. Nc3 Bc5 14. d4 exd3 15. Re1+ Kf7 16. Be3 Bxe3 17. Rxe3 Rad8 18. Qd2 Rhe8 19. Rf3 Kg8 20. Rd1 Re2 21. Qg5 Qe6 22. h3 h6 23. Qg6 Re1+ 24. Kh2 Rxd1 25. Nxd1 d2 26. Rd3 Qe5+ 27. g3 Rxd3 28. Qxd3 Qe1 29. Qf3 Ne4 30. Kg2 Ng5 31. Qg4 Qe5 32. h4 Ne6 33. Qf3 Nd4 34. Qe3 Qxe3 35. fxe3 Nf5 36. Kf3 Kf7 37. e4 Nd6 38. b3 Ke6 39. Ke3 Ke5 40. Kxd2 Nxe4+ 41. Ke3 Nxg3 42. Kf3 Nf5 43. Kg4 g6 44. Nc3 Ne3+ 45. Kf3 Nf5 46. Kg4 Ne3+ 47. Kf3 Nc2 48. Ne4 Nd4+ 49. Ke3 Nf5+ 50. Kd3 Nxh4 51. Nc5 g5 0-1

[Event "January 9 Late 2024"]
[Site "https://www.chess.com"]
[Date "2024.01.09"]
[Round "10"]
[White "Lobanov, Sergei"]
[Black "Rama, Tejas"]
[Result "1-0"]
[Board "41"]
[TimeControl "180+1"]
[WhiteFideId "24183750"]
[BlackFideId "30907381"]
[WhiteElo "2827"]
[BlackElo "2634"]
[WhiteTeam "FID"]
[BlackTeam "USA"]
[WhiteClock "0:00:53"]
[BlackClock "0:00:05"]

1. d4 Nf6 2. c4 e6 3. Nc3 Bb4 4. e3 O-O 5. Bd3 d5 6. a3 Bxc3+ 7. bxc3 dxc4 8. Bxc4 c5 9. Ne2 Nc6 10. O-O Qc7 11. Bd3 e5 12. Ng3 Rd8 13. f4 exd4 14. cxd4 cxd4 15. e4 Ng4 16. Qe2 Qe7 17. h3 Qh4 18. Rf3 Nf6 19. Bd2 Nh5 20. Qf2 Nxg3 21. Rxg3 Kh8 22. e5 Ne7 23. f5 Bxf5 24. Bg5 Qxg5 25. Rxg5 Bxd3 26. Qxf7 Ng6 27. e6 Bc4 28. Re1 d3 29. Rxg6 hxg6 30. Re4 g5 31. Qh5+ Kg8 32. e7 Re8 33. Rxc4 Rxe7 34. Rd4 Rae8 35. Rxd3 Re1+ 36. Kh2 1-0

[Event "January 9 Late 2024"]
[Site "https://www.chess.com"]
[Date "2024.01.09"]
[Round "10"]
[White "Brodsky, David"]
[Black "Yurovskykh, Oleksandr"]
[Result "0-1"]
[Board "42"]
[TimeControl "180+1"]
[WhiteFideId "2073250"]
[BlackFideId "14134020"]
[WhiteElo "2818"]
[BlackElo "2632"]
[WhiteTeam "USA"]
[BlackTeam "UKR"]
[WhiteClock "0:00:00"]
[BlackClock "0:00:05"]

1. d4 d5 2. Nf3 Bf5 3. c4 e6 4. Nc3 Nf6 5. Qb3 Nc6 6. Bf4 Rb8 7. e3 Be7 8. Be2 O-O 9. cxd5 exd5 10. O-O Be6 11. Rac1 Nh5 12. Be5 f6 13. Bg3 Nxg3 14. hxg3 Bd6 15. Na4 Ne7 16. Nc5 Bxc5 17. dxc5 c6 18. Nd4 Qd7 19. Rfd1 Nf5 20. Nf3 Qe7 21. Qc2 g6 22. b4 a6 23. a4 Ra8 24. Ra1 Qc7 25. g4 Ng7 26. Nd4 Bf7 27. b5 axb5 28. axb5 Ne6 29. b6 Qe5 30. Ra7 Rxa7 31. bxa7 Ra8 32. Nxe6 Bxe6 33. Qa4 Kf7 34. Rb1 Qc7 35. Rb6 Bc8 36. f3 Qe7 37. Qa3 Qc7 38. Kf2 Qe7 39. Qa5 Qc7 40. g3 h6 41. Bd3 Qe7 42. Qa3 Qc7 43. Rb4 g5 44. Ra4 Qe7 45. Qb4 Qc7 46. Qb1 Qe7 47. Qh1 Kg7 48. Qh5 Qf7 49. Ke2 Qxh5 50. gxh5 Kf7 51. Kd2 Ke7 52. Kc3 Be6 53. Kd4 Kd7 54. g4 Kc7 55. Be2 b6 56. Ra6 b5 57. Bd1 Bc8 58. Ra1 Kb7 0-1

[Event "January 9 Late 2024"]
[Site "https://www.chess.com"]
[Date "2024.01.10"]
[Round "10"]
[White "Stremavicius, Titas"]
[Black "Pinheiro, Iung Alicio de O."]
[Result "1-0"]
[Board "43"]
[TimeControl "180+1"]
[WhiteFideId "12804444"]
[BlackFideId "2104350"]
[WhiteElo "2812"]
[BlackElo "2613"]
[WhiteTeam "LTU"]
[BlackTeam "BRA"]
[WhiteClock "0:01:21"]
[BlackClock "0:00:00"]

1. Nf3 d5 2. g3 Nf6 3. Bg2 c6 4. d4 Bf5 5. c4 e6 6. Nc3 Nbd7 7. Qb3 Qb6 8. c5 Qa6 9. Bf1 b5 10. a4 bxa4 11. Rxa4 Qc8 12. Nh4 Be4 13. f3 Bg6 14. Nxg6 hxg6 15. Qa3 e5 16. e3 Be7 17. Rxa7 Rxa7 18. Qxa7 O-O 19. Ba6 Qd8 20. Be2 Re8 21. Kf2 exd4 22. exd4 Nf8 23. b4 Ne6 24. Rd1 g5 25. Qb7 g4 26. f4 Ne4+ 27. Nxe4 dxe4 28. d5 Nxc5 29. bxc5 Bxc5+ 30. Kg2 cxd5 31. Rxd5 Qa5 32. Qb5 Qe1 33. Rxc5 Rd8 34. Be3 1-0

[Event "January 9 Late 2024"]
[Site "https://www.chess.com"]
[Date "2024.01.09"]
[Round "10"]
[White "Pham, Le Thao Nguyen"]
[Black "Timmermans, Mark"]
[Result "0-1"]
[Board "44"]
[TimeControl "180+1"]
[WhiteFideId "12401226"]
[BlackFideId "1026399"]
[WhiteElo "2588"]
[BlackElo "2744"]
[WhiteTeam "VIE"]
[BlackTeam "NED"]
[WhiteClock "0:00:00"]
[BlackClock "0:00:16"]

1. d4 Nf6 2. Nf3 e6 3. Bf4 d5 4. e3 Bd6 5. Bg3 O-O 6. Nbd2 b6 7. Ne5 Bb7 8. Bh4 Nbd7 9. f4 Be7 10. Bd3 Ne4 11. Bxe7 Qxe7 12. O-O f6 13. Nxd7 Qxd7 14. Nf3 a5 15. Qe2 Nd6 16. c3 a4 17. a3 Bc6 18. Qc2 g6 19. Nd2 Bb5 20. c4 Bxc4 21. Nxc4 dxc4 22. Bxc4 Nxc4 23. Qxc4 Rfc8 24. f5 gxf5 25. Rxf5 Kg7 26. Rf3 c5 27. dxc5 Rxc5 28. Qh4 Rg5 29. Raf1 Qd5 30. Kh1 Rf8 31. Qxa4 Qd2 32. R3f2 Qxe3 33. Qd7+ Rf7 34. Qd8 Rg6 35. Qd6 e5 36. Qb4 h5 37. h3 Rd7 38. Qh4 Qg5 39. Qb4 f5 40. Qb5 Re7 41. Qe2 f4 42. a4 Rf6 43. Qe4 Qg6 44. Re2 Qxe4 45. Rxe4 Kg6 46. b4 Kf5 47. Rfe1 Rd6 48. Kg1 Rd2 49. Kf1 Ra2 50. b5 h4 51. Kg1 Rc2 52. Kf1 Rc5 53. Rb4 Rd7 0-1

[Event "January 9 Late 2024"]
[Site "https://www.chess.com"]
[Date "2024.01.09"]
[Round "10"]
[White "Schnaider, Ilan"]
[Black "Lin, Bryan Enming"]
[Result "1-0"]
[Board "45"]
[TimeControl "180+1"]
[WhiteFideId "169013"]
[BlackFideId "30987121"]
[WhiteElo "2728"]
[BlackElo "2591"]
[WhiteTeam "ARG"]
[BlackTeam "USA"]
[WhiteClock "0:00:09"]
[BlackClock "0:00:08"]

1. e4 e5 2. Nf3 Nc6 3. Bc4 Nf6 4. d3 Bc5 5. c3 d6 6. O-O a5 7. Re1 O-O 8. h3 h6 9. d4 Bb6 10. Bb5 Bd7 11. Na3 Re8 12. Nc4 exd4 13. Nxb6 cxb6 14. Nxd4 Rxe4 15. Rxe4 Nxe4 16. Nf3 Be6 17. Bf4 d5 18. Nd4 Bd7 19. Nf3 Be6 20. Qd3 Nd6 21. Ba4 Nc4 22. Bc2 f5 23. b3 Nd6 24. Re1 Ne4 25. Nd4 Nxd4 26. Qxd4 Rc8 27. f3 Nc5 28. b4 axb4 29. cxb4 Nd7 30. Rxe6 Rxc2 31. Qxd5 Kh7 32. Qxf5+ 1-0

[Event "January 9 Late 2024"]
[Site "https://www.chess.com"]
[Date "2024.01.09"]
[Round "10"]
[White "Zarnicki, Pablo"]
[Black "Khatoev, Eduard"]
[Result "0-1"]
[Board "46"]
[TimeControl "180+1"]
[WhiteFideId "100137"]
[BlackFideId "24145076"]
[WhiteElo "2575"]
[BlackElo "2725"]
[WhiteTeam "ARG"]
[BlackTeam "RUS"]
[WhiteClock "0:00:29"]
[BlackClock "0:01:55"]

1. e4 c6 2. d4 d5 3. e5 c5 4. dxc5 e6 5. Qg4 h5 6. Qf4 Bxc5 7. Nf3 Qb6 8. Ng5 f6 9. exf6 gxf6 10. Nh3 e5 11. Qg3 Ne7 12. Nc3 Bf5 13. Qh4 Bxc2 14. Na4 Qb4+ 15. Qxb4 Bxb4+ 16. Nc3 d4 17. a3 Bxc3+ 18. bxc3 dxc3 19. Be3 Be4 20. Rc1 Nd5 21. Bb5+ Kf7 22. Rg1 Rc8 23. f3 Bxf3 24. gxf3 Nxe3 25. Ke2 Nf5 26. Bd3 Nd4+ 27. Ke3 c2 28. Nf2 Rc3 29. Ne4 Rxa3 30. Nd6+ Kf8 31. Nc4 Rc3 32. Kd2 Rb3 33. Nd6 Nbc6 34. Bc4 Nxf3+ 35. Kxc2 Ncd4+ 36. Kd1 a5 37. Rg8+ Ke7 38. Rxa8 Re3 39. Be2 Rxe2 40. Nf5+ Kd7 41. Nxd4 Rd2# 0-1

[Event "January 9 Late 2024"]
[Site "https://www.chess.com"]
[Date "2024.01.09"]
[Round "10"]
[White "Novikov, Evgenij"]
[Black "Agibileg, Uurtsaikh"]
[Result "1-0"]
[Board "47"]
[TimeControl "180+1"]
[WhiteFideId "4125380"]
[BlackFideId "4901606"]
[WhiteElo "2507"]
[BlackElo "2724"]
[WhiteTeam "RUS"]
[BlackTeam "MGL"]
[WhiteClock "0:00:55"]
[BlackClock "0:01:19"]

1. d4 Nf6 2. c4 e6 3. Nc3 Bb4 4. e3 O-O 5. Ne2 d5 6. a3 Bxc3+ 7. bxc3 c5 8. cxd5 exd5 9. g3 c4 10. Bg2 Nc6 11. O-O Na5 12. Ra2 Nb3 13. Bd2 b5 14. Be1 a5 15. f3 Re8 16. Bf2 Bf5 17. Nc1 Nxc1 18. Qxc1 Bd3 19. Re1 Qd6 20. g4 h6 21. Bg3 Qb6 22. h4 b4 23. axb4 axb4 24. Rxa8 Rxa8 25. cxb4 Qxb4 26. Bf1 Bxf1 27. Kxf1 c3 28. Re2 Qc4 29. Qc2 Rb8 30. Bxb8 Nd7 31. Bg3 Nb6 32. Be1 Na4 33. Kf2 Nb2 34. Bxc3 Nd3+ 35. Kf1 Qc7 36. Qxd3 Qg3 37. Rf2 Qxh4 38. Ke2 Qh1 39. Qd1 1-0

[Event "January 9 Late 2024"]
[Site "https://www.chess.com"]
[Date "2024.01.09"]
[Round "10"]
[White "Rohan, Ahuja"]
[Black "Ezat, Mohamed"]
[Result "1-0"]
[Board "48"]
[TimeControl "180+1"]
[WhiteFideId "5090598"]
[BlackFideId "10600906"]
[WhiteElo "2724"]
[BlackElo "2494"]
[WhiteTeam "IND"]
[BlackTeam "EGY"]
[WhiteClock "0:00:26"]
[BlackClock "0:00:06"]

1. Nf3 Nf6 2. g3 g6 3. b3 Bg7 4. Bb2 O-O 5. Bg2 d6 6. d4 e5 7. dxe5 Nfd7 8. h4 Nc6 9. Qd2 a5 10. Nc3 Ndxe5 11. Nxe5 Nxe5 12. h5 a4 13. hxg6 hxg6 14. O-O-O axb3 15. axb3 c6 16. Rh4 Re8 17. Rdh1 Ng4 18. Bf3 Nxf2 19. R1h2 Qb6 20. Nd5 Bxb2+ 21. Kxb2 cxd5 22. Rh8+ Kg7 23. Rxe8 Qa7 24. Qh6+ Kf6 25. Qf4+ Bf5 26. Qh4+ g5 27. Qh8+ Kg6 28. Rh6# 1-0

[Event "January 9 Late 2024"]
[Site "https://www.chess.com"]
[Date "2024.01.09"]
[Round "10"]
[White "Joie, Sebastien"]
[Black "Sieciechowicz, Marcin"]
[Result "1/2-1/2"]
[Board "49"]
[TimeControl "180+1"]
[WhiteFideId "650420"]
[BlackFideId "1130170"]
[WhiteElo "2470"]
[BlackElo "2695"]
[WhiteTeam "FRA"]
[BlackTeam "POL"]
[WhiteClock "0:00:06"]
[BlackClock "0:00:06"]

1. d4 Nf6 2. c4 g6 3. Nc3 Bg7 4. e4 d6 5. f4 O-O 6. Nf3 e5 7. dxe5 dxe5 8. Qxd8 Rxd8 9. Nxe5 Na6 10. Be2 Nc5 11. Bf3 Be6 12. Nd5 Nfxe4 13. Nxc7 Bxe5 14. fxe5 Bxc4 15. Nxa8 Nd3+ 16. Kf1 Nxc1+ 17. Kg1 Ne2+ 18. Bxe2 Bxe2 19. Nc7 Rd2 20. Re1 Kg7 21. h4 Rxb2 22. Rh3 Bg4 23. Rb3 Rxb3 24. axb3 Nc5 25. Ne8+ Kf8 26. Nf6 Be6 27. b4 Nd3 28. Rd1 Nxe5 29. Nxh7+ Kg7 30. Ng5 Bf5 31. Rd6 a6 32. Rb6 Bc8 33. Ne4 Nc6 34. Nd6 Be6 35. Rxb7 Bd5 36. Rb6 Ne5 37. Ne8+ Kf8 38. Nf6 Bc4 39. Ne4 Bb5 40. Nd6 Nd7 41. Rb7 Bc6 42. Ra7 Ne5 43. Rxa6 Bd5 44. Nb5 Bc4 45. Ra8+ Kg7 46. Nd6 Bd5 47. b5 Bxa8 48. b6 Nd7 49. b7 Bxb7 50. Nxb7 Ne5 51. Nd6 Ng4 52. Ne4 f5 53. Ng5 Kh6 54. g3 Nf6 55. Kg2 Ne4 56. Ne6 Nf6 57. Kf3 Kh5 58. Nf4+ Kh6 59. Ne6 Kh5 60. Nf4+ Kh6 61. Ne6 1/2-1/2

[Event "January 9 Late 2024"]
[Site "https://www.chess.com"]
[Date "2024.01.09"]
[Round "10"]
[White "Annaberdiyev, Meylis"]
[Black "Dilmukhametov, Artur"]
[Result "0-1"]
[Board "50"]
[TimeControl "180+1"]
[WhiteFideId "14000563"]
[BlackFideId "24179922"]
[WhiteElo "2675"]
[BlackElo "2350"]
[WhiteTeam "TKM"]
[BlackTeam "RUS"]
[WhiteClock "0:00:00"]
[BlackClock "0:00:20"]

1. e4 e6 2. d4 d5 3. e5 c5 4. Nf3 Qb6 5. Bd3 Nc6 6. dxc5 Bxc5 7. O-O Qd8 8. Nbd2 Nge7 9. Nb3 Bb6 10. c3 Ng6 11. Re1 Bd7 12. Bg5 f6 13. exf6 gxf6 14. Bh6 Qe7 15. a4 a5 16. Nbd4 Nce5 17. Bb5 O-O-O 18. Qb3 Nxf3+ 19. Nxf3 Bc5 20. Nd4 Ne5 21. Be3 Rhg8 22. Kh1 Ng4 23. h3 Nxe3 24. Rxe3 e5 25. Qc2 Bxb5 26. axb5 Qc7 27. Nf5 Bxe3 28. fxe3 Rg5 29. Rf1 Rdg8 30. Qf2 Rxg2 31. Qf3 e4 32. Qf4 Qxf4 33. exf4 Kd7 0-1

[Event "January 9 Late 2024"]
[Site "https://www.chess.com"]
[Date "2024.01.09"]
[Round "10"]
[White "Chan, Yi Ren Daniel"]
[Black "Buchenau, Frank"]
[Result "1-0"]
[Board "51"]
[TimeControl "180+1"]
[WhiteFideId "5801583"]
[BlackFideId "4604350"]
[WhiteElo "2837"]
[BlackElo "2450"]
[WhiteTeam "SGP"]
[BlackTeam "GER"]
[WhiteClock "0:02:37"]
[BlackClock "0:01:02"]

1. e4 e6 2. Nf3 d5 3. Nc3 Nf6 4. e5 Nfd7 5. d4 c5 6. dxc5 Nc6 7. Bf4 Bxc5 8. Bd3 f6 9. exf6 Qxf6 10. Bg5 Qf7 11. Be3 d4 12. Ng5 Qe7 13. Qh5+ Kf8 14. Nxh7+ Kg8 15. Bg5 Qf7 16. Bg6 Qxg6 17. Qxg6 Rxh7 18. Ne4 Bf8 19. f4 1-0

[Event "January 9 Late 2024"]
[Site "https://www.chess.com"]
[Date "2024.01.09"]
[Round "10"]
[White "Zubritskiy, Artyom"]
[Black "Khater, Sherif"]
[Result "1-0"]
[Board "52"]
[TimeControl "180+1"]
[WhiteFideId "4181247"]
[BlackFideId "2034280"]
[WhiteElo "2756"]
[BlackElo "2539"]
[WhiteTeam "FID"]
[BlackTeam "USA"]
[WhiteClock "0:00:08"]
[BlackClock "0:00:02"]

1. e4 a6 2. d4 b5 3. Nf3 Bb7 4. Bd3 e6 5. Qe2 c5 6. c3 Nf6 7. e5 Nd5 8. a3 cxd4 9. cxd4 Nc6 10. O-O h6 11. Nc3 Nce7 12. Ne4 Nf5 13. Rd1 Qb6 14. Bc2 Be7 15. a4 O-O 16. a5 Qc7 17. g4 Nh4 18. Nxh4 Bxh4 19. Nd6 Nb4 20. Bb1 Bd5 21. Ra3 Nc6 22. Rh3 Qd8 23. Qd3 g6 24. Bxh6 Qe7 25. f4 Nb4 26. Qd2 Nc6 27. g5 Rfc8 28. Rxh4 Nxd4 29. Qxd4 Rc6 30. Qe3 Rac8 31. Nxc8 Rxc8 32. Rh3 Qb4 33. Qf2 Rc4 34. Rc3 Rxf4 35. Qd2 Rg4+ 36. Rg3 Qf4 37. Qxf4 Rxf4 38. Rc1 Rb4 39. Bd3 Rxb2 40. Rc8+ Kh7 41. Bf8 Bb7 42. Rh3+ Kg8 43. Be7+ Bxc8 44. Bf6 Rb1+ 45. Bxb1 1-0

[Event "January 9 Late 2024"]
[Site "https://www.chess.com"]
[Date "2024.01.09"]
[Round "10"]
[White "Santos Flores, Alberto"]
[Black "Bardyk, Artem"]
[Result "1-0"]
[Board "53"]
[TimeControl "180+1"]
[WhiteFideId "3601234"]
[BlackFideId "34349979"]
[WhiteElo "2520"]
[BlackElo "2737"]
[WhiteTeam "ECU"]
[BlackTeam "RUS"]
[WhiteClock "0:00:03"]
[BlackClock "0:00:04"]

1. e4 e5 2. Nf3 Nc6 3. Bc4 Bc5 4. O-O Nf6 5. d4 Bxd4 6. Nxd4 Nxd4 7. Bg5 h6 8. Bh4 d6 9. f4 Be6 10. Na3 Qe7 11. c3 Nc6 12. fxe5 dxe5 13. Qf3 Bxc4 14. Nxc4 O-O-O 15. Ne3 Qc5 16. Bxf6 gxf6 17. Rad1 Rxd1 18. Rxd1 Rg8 19. Kh1 Rg6 20. Nd5 b6 21. b4 Qc4 22. Nxf6 Qxa2 23. Nd5 Kb7 24. Rg1 Rg7 25. Qf6 Rxg2 26. Rxg2 Qb1+ 27. Rg1 Qxe4+ 28. Rg2 Qe1+ 29. Rg1 Qe4+ 30. Rg2 Qxd5 31. Qxh6 Qd1+ 32. Rg1 Qf3+ 33. Rg2 e4 34. Qd2 f5 35. Qf2 Qxc3 36. Qxf5 e3 37. Re2 Qxb4 38. Rxe3 a5 39. Qe4 Qc5 40. h4 b5 41. Re2 Kb6 42. Rc2 Qd6 43. h5 b4 44. Kg2 b3 45. Rb2 Nd4 46. h6 c5 47. h7 Qf8 48. Qg6+ Kb5 49. Qg8 Qf3+ 50. Kh2 Qf4+ 51. Kg1 Qe3+ 52. Kg2 Qe4+ 53. Kg1 Qe3+ 54. Kg2 Qf3+ 55. Kh2 Qh5+ 56. Kg2 Qd5+ 57. Kf2 Qf5+ 58. Kg2 Nc2 59. h8=Q Ne3+ 60. Kg3 Nf1+ 61. Kg2 Ne3+ 62. Kg3 Nf1+ 63. Kg2 Qf2+ 64. Kxf2 Nd2 65. Rxb3+ Nxb3 66. Qxb3+ Kc6 67. Qc8+ Kd6 68. Qbe6# 1-0

[Event "January 9 Late 2024"]
[Site "https://www.chess.com"]
[Date "2024.01.09"]
[Round "10"]
[White "Novikova, Galina"]
[Black "Weetik, Vjacheslav"]
[Result "0-1"]
[Board "54"]
[TimeControl "180+1"]
[WhiteFideId "4157095"]
[BlackFideId "4153472"]
[WhiteElo "2533"]
[BlackElo "2721"]
[WhiteTeam "RUS"]
[BlackTeam "RUS"]
[WhiteClock "0:00:02"]
[BlackClock "0:00:06"]

1. e4 e5 2. Nf3 Nc6 3. d4 exd4 4. Nxd4 Bc5 5. Nb3 Bb6 6. Nc3 Nf6 7. Qe2 a5 8. a4 O-O 9. Be3 Re8 10. Bxb6 cxb6 11. O-O-O Nb4 12. f3 d5 13. e5 Qc7 14. Re1 Nd7 15. f4 Nc5 16. Nd4 Bd7 17. Ndb5 Bxb5 18. Qxb5 d4 19. Bc4 dxc3 20. bxc3 Nba6 21. Bd5 Qe7 22. f5 Nc7 23. Qc4 Nxd5 24. Qxd5 Nxa4 25. Qb3 Nc5 26. Qxb6 Qg5+ 27. Kb1 Rac8 28. f6 Na4 29. Qd4 Nxc3+ 30. Ka1 b5 31. h4 Qxg2 32. Rhg1 Ne2 33. Rxg2 Nxd4 34. Rxg7+ Kh8 35. Reg1 Rf8 36. h5 h6 37. Kb2 Ne6 38. R7g3 Rg8 39. Rxg8+ Rxg8 40. Rd1 Rd8 41. Ra1 a4 42. Rg1 Rd5 43. Re1 b4 44. Re2 Kg8 45. c3 b3 46. Rg2+ Kf8 47. c4 Rxe5 48. Kc3 Rf5 49. Kb4 Rxf6 50. Kxa4 Nc5+ 51. Kb4 Rf5 52. Kc3 Ke7 53. Re2+ Kf6 54. Rd2 Kg5 55. Rh2 Kg4 56. Kd4 Ne6+ 57. Ke4 Ng5+ 58. Kd3 Rf3+ 59. Kd4 f5 60. c5 Ne6+ 61. Kd5 Nxc5 62. Kxc5 f4 63. Kd4 Rg3 64. Ke4 Re3+ 65. Kd4 Kg3 66. Rh1 Re2 67. Kd3 Rg2 68. Rb1 b2 69. Ke4 f3 70. Ke3 Re2+ 71. Kd3 Kf2 72. Rh1 Kg2 73. Rb1 Rf2 74. Ke3 Kg3 75. Rg1+ Rg2 76. Rf1 f2 77. Ke2 Rg1 78. Rxf2 b1=Q 79. Rf3+ Kg4 80. Rd3 Qxd3+ 81. Kxd3 Kxh5 0-1